 Dungeon Crawl Stone Soup version 0.29.1-2-gbd0b4ee654 (webtiles) character file.

Game seed: 14064158840761468883

513 Goreval the Vexing (level 7, -2/52 HPs)
             Began as a Barachi Arcane Marksman on Nov 21, 2022.
             Slain by a troll (3 damage)
             ... on level 6 of the Dungeon.
             The game lasted 00:10:34 (3785 turns).

Goreval the Vexing (Barachi Arcane Marksman)        Turns: 3785, Time: 00:10:34

Health: -2/52      AC:  4    Str:  6    XL:     7   Next: 20%
Magic:  11/11      EV: 13    Int: 14    God:
Gold:   52         SH:  0    Dex: 14    Spells: 4/11 levels left

rFire   . . .      SeeInvis .   v - +9 sling of Ofipleaj {vorpal, Fly rElec rCorr Str-5}
rCold   . . .      Faith    .   (no shield)
rNeg    . . .      Spirit   .   c - +0 robe
rPois   .          Reflect  .   l - +0 helmet
rElec   +          Harm     .   g - +0 cloak
rCorr   +          Rampage  .   (no gloves)
Will    .....                   (no boots)
Stlth   +.........              (no amulet)
HPRegen 0.17/turn               (no ring)
MPRegen 0.12/turn               (no ring)

@: unable to hop, flying, slow
A: amphibious, slowness 1, strong legs 1, +LOS
a: Hop


You were on level 6 of the Dungeon.
You visited 1 branch of the dungeon, and saw 8 of its levels.

You collected 175 gold pieces.
You spent 123 gold pieces at shops.

Inventory:

Hand Weapons
 a - a +1 sling
 v - the +9 sling of Ofipleaj (weapon) {vorpal, Fly rElec rCorr Str-5}
   (You bought it in a shop on level 1 of the Dungeon)

   Any ammunition fired from it inflicts extra damage upon your enemies.
   Str:       It affects your strength (-5).
   rElec:     It insulates you from electricity.
   Fly:       It grants you flight.
   rCorr:     It protects you from acid and corrosion.
Missiles
 f - a throwing net
Armour
 c - a +0 robe (worn)
 g - a +0 cloak (worn)
 l - a +0 helmet (worn)
Scrolls
 b - a scroll of poison
 d - a scroll of brand weapon {unknown}
 e - a scroll of fog {unknown}
 i - a scroll of enchant weapon {unknown}
 m - 2 scrolls of teleportation {unknown}
 n - 3 scrolls of enchant armour {unknown}
 p - a scroll of magic mapping {unknown}
 q - a scroll of blinking {unknown}
 r - a scroll of identify {unknown}
 t - a scroll of fear {unknown}
Potions
 h - 3 potions of curing {unknown}
 j - a potion of invisibility {unknown}
 k - 3 potions of cancellation {unknown}
 o - a potion of haste {unknown}
 s - 2 potions of attraction {unknown}
 u - a potion of berserk rage {unknown}


   Skills:
 + Level 3.4 Fighting
 * Level 4.2 Ranged Weapons
 - Level 3.0 Dodging
 + Level 2.8 Spellcasting
 * Level 4.9 Hexes
 * Level 2.8 Translocations


You had 4 spell levels left.
You knew the following spells:

 Your Spells              Type           Power      Damage    Failure   Level
a - Slow                  Hex            60%        N/A       3%          1
b - Portal Projectile     Hex/Tloc       24%        N/A       13%         3
c - Inner Flame           Hex/Fire       8%         N/A       24%         3

Your spell library contained the following spells:

 Spells                   Type           Power      Damage    Failure   Level
 Cause Fear               Hex            7%         N/A       28%         4
 Call Canine Familiar     Summ           1%         N/A       54%         3
 Leda's Liquefaction      Hex/Erth       4%         N/A       61%         4


Dungeon Overview and Level Annotations

Branches:
Dungeon (8/15)
 Temple: D:4-7         Lair: D:8-11

Altars:
Gozag
Trog
Xom

Shops:
D:1 (   D:2 (

Annotations:
D:3 exclusions: adder and endoplasm


Innate Abilities, Weirdness & Mutations

You are amphibious.
You cover ground slowly.
You can hop short distances.
You have an extended range of vision and can be seen from far away.


Message History

There is a stone staircase leading up here.
You fly upwards.
The gnoll shouts! x2; The kobold shouts! x2; The ufetubus shouts!
The kobold brigand shouts!
The kobold shouts! x3; The gnoll shouts!
The orc shouts!
You hear a shout! x2; The kobold shouts!
Found a robe.
There is a stone staircase leading down here.
The gnoll barely misses you.
You fly downwards.
The iguana bites you!
There is a stone staircase leading up here.
Fire: v) +9 sling of Ofipleaj {vorpal, Fly rElec rCorr Str-5}
Aim: a gnoll, wielding a +0 club (72% to hit)
You shoot a sling bullet. The sling bullet hits the gnoll!
You kill the gnoll!
The iguana barely misses you. The iguana misses you.
Fire: v) +9 sling of Ofipleaj {vorpal, Fly rElec rCorr Str-5}
Aim: an iguana (72% to hit)
You shoot a sling bullet. The sling bullet hits the iguana.
The troll is no longer moving slowly.
The iguana bites you!
Fire: v) +9 sling of Ofipleaj {vorpal, Fly rElec rCorr Str-5}
Aim: an iguana (heavily wounded, 72% to hit)
You shoot a sling bullet. The sling bullet hits the iguana.
The iguana closely misses you.
Fire: v) +9 sling of Ofipleaj {vorpal, Fly rElec rCorr Str-5}
Aim: an iguana (almost dead, 72% to hit)
You shoot a sling bullet. The howler monkey howls!
The sling bullet hits the iguana but does no damage.
You hear an angry growl.
The iguana closely misses you.
Okay, then.
Really read the scroll of poison?
The air fills with toxic fumes!
As you read the scroll of poison, it crumbles to dust.
The howler monkey hits you. The iguana bites you!
* * * LOW HITPOINT WARNING * * *
The troll bites you!
* * * LOW HITPOINT WARNING * * *
The troll claws you.
You die...

h###..# §§ § ###
######...#### # ##.# §§§
§#.§§ ##..>.........
##....§§§#
§§.§§...............
.#.#.#§#
#§.§§#.#............ ..
.. §§§§§#§##
######...#### .#h .#
#§#§.§§# # #...# .... ..
§§§#§§#.# #...# .#
#§#§#§#§#§§#§# #..)# ..
§§§§§§§h@T§§§# #...# .#
#§#§#§###l§#########.###
:.......§§§§§.T.......#
.#.#.#..§§###§#.......#
...###§###.#.#...#.##.
#.#.# §§..>...........
... §§#..#....##.#.. #.#
§§§..........#.. ...
#§§§.......###..


You could see a troll, a howler monkey and an iguana.

Vanquished Creatures
  A water moccasin (D:8)
  An ogre (D:6)
  3 scorpions (D:6)
  A howler monkey (D:6)
  Jessica (D:2)
  Terence (D:2)
  A gnoll (D:6)
  An adder (D:3)
  A worm (D:2)
  A dart slug (D:3)
  6 endoplasms
  A goblin (D:1)
  3 hobgoblins
  5 quokkas
  3 ball pythons
  2 bats
  5 frilled lizards
  4 kobolds
  3 rats
44 creatures vanquished.

Vanquished Creatures (others)
  5 dream sheep (D:3)
5 creatures vanquished.

Grand Total: 49 creatures vanquished

Notes
Turn   | Place    | Note
-------+----------+-------------------------------------------
     0 | D:1      | Goreval the Barachi Arcane Marksman began the quest for the
                  | Orb.
     0 | D:1      | Reached XP level 1. HP: 15/15 MP: 2/2
   143 | D:1      | Reached XP level 2. HP: 21/21 MP: 3/3
   149 | D:1      | Found a faded altar of an unknown god.
   177 | D:1      | Found Jeskoloa's Antique Weapon Emporium.
   856 | D:2      | Noticed Jessica
   859 | D:2      | Killed Jessica
   860 | D:2      | Reached XP level 3. HP: 24/27 MP: 5/5
   929 | D:2      | Found Guraittota's Weapon Boutique.
  1346 | D:2      | Noticed Terence
  1380 | D:2      | Killed Terence
  1381 | D:2      | Reached XP level 4. HP: 15/34 MP: 4/6
  1694 | D:2      | Found a bloodstained altar of Trog.
  2198 | D:1      | Bought a dazzling sling for 123 gold pieces
  2198 | D:1      | Identified the +9 sling of Ofipleaj {vorpal, Fly rElec
                  | rCorr Str-5} (You bought it in a shop on level 1 of the
                  | Dungeon)
  2595 | D:3      | Noticed a dream sheep
  2595 | D:3      | Noticed a dream sheep
  2595 | D:3      | Noticed a dream sheep
  2595 | D:3      | Noticed a dream sheep
  2595 | D:3      | Noticed a dream sheep
  2595 | D:3      | Found a shimmering altar of Xom.
  2598 | D:3      | Killed a dream sheep
  2598 | D:3      | Killed a dream sheep
  2598 | D:3      | Killed a dream sheep
  2598 | D:3      | Killed a dream sheep
  2599 | D:3      | Killed a dream sheep
  2930 | D:3      | Found an opulent altar of Gozag.
  3127 | D:3      | Learned a level 3 spell: Portal Projectile
  3131 | D:3      | Learned a level 3 spell: Inner Flame
  3189 | D:4      | You are sucked into a shaft and drop 2 floors!
  3210 | D:7      | Noticed a sky beast
  3219 | D:6      | Reached XP level 5. HP: 35/39 MP: 5/8
  3272 | D:6      | Reached skill level 1 in Translocations
  3278 | D:6      | Noticed a black bear
  3310 | D:7      | Noticed a water moccasin
  3329 | D:8      | Killed a water moccasin
  3330 | D:8      | Reached XP level 6. HP: 29/47 MP: 9/9
  3762 | D:6      | Noticed a troll
  3763 | D:6      | Reached XP level 7. HP: 52/52 MP: 9/11
  3778 | D:5      | Entered Level 5 of the Dungeon
  3785 | D:6      | HP: 1/52 [troll (12)]
  3785 | D:6      | Slain by a troll

Illustrated notes

Levels and vault maps discovered:
D:1:      lemuel_arrival_funnel, layout_basic, serial_shops,
          nicolae_shop_behind_doors, shapermc_ecumenical_altar_mp_ritualfount,
          minmay_cut_off
D:2:      layout_basic, basic_altar, serial_shops, shop, minmay_hexomino_p4,
          uniq_terence, uniq_jessica
D:3:      layout_loops_corners, nicolae_gozag_seed_capital,
          kb_xom_exploding_sheep, minivault_19
D:4:      gammafunk_steamed_eel, layout_rooms, lemuel_round_altar,
          gammafunk_ghost_split, uniq_sigmund
D:5:      layout_rooms, minmay_temple_entry_junction, uniq_duvessa, uniq_edmund,
          uniq_grinder
D:6:      layout_loops_cross, mainiacjoe_overflow_tiny_flanked, st_stairs_11
D:7:      layout_basic, nicolae_overflow_crystal_walls, lemuel_doored_altar
D:8:      layout_gridville, uniq_prince_ribbit1

Skill      XL: |  1  2  3  4  5  6 |
---------------+-------------------+-----
Fighting       | 2 3 |  3.4
Ranged Weapons | 3 4 |  4.2
Spellcasting   | 2 |  2.8
Dodging        | 3 |  3.0
Hexes          | 4 |  4.9
Translocations | 2 |  2.8

Action                   |  1- 3 |  4- 6 |  7- 9 || total
-------------------------+-------+-------+-------++-------
Melee: Sling             |       |     1 |       ||     1
 Fire: Sling             |   108 |    65 |     4 ||   177
 Cast: Slow              |     2 |    15 |     1 ||    18
 Abil: Hop               |       |     2 |     1 ||     3
  Use: Scroll            |       |       |     1 ||     1
Armor: Scale mail        |    28 |    15 |       ||    43
       Robe              |       |     6 |       ||     6
Dodge: Dodged            |    21 |    35 |     5 ||    61
